 Dungeon Crawl Stone Soup version 0.30.0-29-ga12c61a403 (webtiles) character file.

Game seed: 7922172282968847165

179 Irreverend the Covered (level 5, -5/48 HPs)
             Began as an Armataur Fighter on June 5, 2023.
             Slain by an iguana (9 damage)
             ... on level 4 of the Dungeon.
             The game lasted 00:03:44 (2812 turns).

Irreverend the Covered (Armataur Fighter)           Turns: 2812, Time: 00:03:45

Health: -5/48      AC: 11    Str: 19 (23) XL:     5   Next: 32%
Magic:  5/5        EV:  3    Int:  2 (8)  God:
Gold:   192        SH:  4    Dex:  8 (10) Spells: 4/4 levels left

rFire   . . .        a - +0 war axe
rCold   . . .        c - +0 buckler
rNeg    . . .        s - +0 plate armour
rPois   .            (no helmet)
rElec   .            (no cloak)
rCorr   .            n - +0 pair of gloves
SInv    .            (no barding)
Will    .....        (no amulet) Stlth
                     (no ring)
HPRegen 0.28/turn    (no ring)
MPRegen 0.09/turn

%: roll
@: brilliant, lethally poisoned (-5 -> -9)
A: large, rugged brown scales 3, deformed body, armoured tail, roll, long
tongue, awkward tongue
a: no special abilities


You were on level 4 of the Dungeon.
You visited 1 branch of the dungeon, and saw 4 of its levels.

You collected 192 gold pieces.

Inventory:

Hand Weapons
 a - a +0 war axe (weapon)
Armour
 b - a +0 scale mail
 c - a +0 buckler (worn)
 n - a +0 pair of gloves (worn)
 s - a +0 plate armour (worn)
 t - the +0 ring mail "Vyru" {rF+ Int+3 SInv}
   (You found it on level 4 of the Dungeon)

   Int:       It affects your intelligence (+3).
   rF:        It protects you from fire.
   SInv:      It lets you see invisible.
Scrolls
 e - 3 scrolls of immolation {unknown}
 f - a scroll of fear {unknown}
 g - a scroll of summoning {unknown}
 i - 4 scrolls of identify {unknown}
 l - a scroll of noise {unknown}
 m - 2 scrolls of teleportation {unknown}
 o - 5 scrolls of vulnerability {unknown}
 p - a scroll of fog {unknown}
Potions
 d - a potion of might
 h - a potion of brilliance
 j - a potion of heal wounds {unknown}
 k - 2 potions of degeneration
 q - a potion of mutation {unknown}
 r - a potion of ambrosia {unknown}
 u - a potion of curing {unknown}


   Skills:
 + Level 3.4 Fighting
 * Level 3.1 Axes
 + Level 4.5 Armour
 + Level 4.2 Shields


You had 4 spell levels left.
You didn't know any spells.
Your spell library contained the following spells:

 Spells                   Type           Power      Damage    Failure   Level
 Ensorcelled Hibernation  Hex/Ice        0%         N/A       100%        2
 Passwall                 Tmut/Erth      0%         N/A       100%        2
 Poisonous Vapours        Pois/Air       0%         N/A       100%        2
 Mephitic Cloud           Conj/Pois/Air  0%         N/A       100%        3
 Stone Arrow              Conj/Erth      0%         3d7       100%        3
 Swiftness                Air            0%         N/A       100%        3
 Animate Armour           Summ/Erth      0%         N/A       100%        4
 Blade Hands              Tmut           0%         N/A       100%        5
 Freezing Cloud           Conj/Ice/Air   0%         6-21      100%        5
 Iron Shot                Conj/Erth      0%         9d1       100%        6
 Lehudib's Crystal Spear  Conj/Erth      0%         10d2      100%        8


Dungeon Overview and Level Annotations

Branches:
Dungeon (4/15)             Temple (0/1) D:4

Altars:

Shops:
D:3 *


Innate Abilities, Weirdness & Mutations

You are completely covered in rugged brown scales. (AC +3, +7% HP)
Armour fits poorly on your strangely shaped body.
You have a long armoured tail.
You roll when moving toward enemies. (Rampage)
Your long tongue fully drains potion bottles. (2x potion effects)
Your tongue gives you trouble enunciating. (1.5x scroll delay)


Message History

The scorpion poisons you!
You closely miss the iguana.
The iguana is almost dead.
You closely miss the scorpion.
You feel very sick. The iguana bites you.
The scorpion stings you but does no damage.
The iguana bites you!
* * * LOW HITPOINT WARNING * * *
You are too injured to fight recklessly!
You are too injured to fight recklessly!
You are too injured to fight recklessly!
You are too injured to fight recklessly!
You are too injured to fight recklessly!
You are too injured to fight recklessly!
You are too injured to fight recklessly!
You are too injured to fight recklessly!
You are too injured to fight recklessly!
You are too injured to fight recklessly!
You are too injured to fight recklessly!
You are too injured to fight recklessly!
You are too injured to fight recklessly!
You are too injured to fight recklessly!
You are too injured to fight recklessly!
It was a potion of degeneration.
There was something very wrong with that liquid.
You feel weakened.
You feel dopey.
You feel clumsy.
You slurp down every last drop of the potion of degeneration!
* * * LOW HITPOINT WARNING * * *
You feel sick. You block the scorpion's attack.
The iguana bites you but does no damage.
The scorpion stings you but does no damage.
It was a potion of brilliance.
You feel clever all of a sudden.
You slurp down every last drop of the potion of brilliance!
* * * LOW HITPOINT WARNING * * *
You feel sick.
The scorpion stings you but does no damage.
The iguana bites you!
You die...

##....# #.........###.#
........##.............#
..#.#...##...........###
.#.#.#..##...........##
#.#.#.#.##............#
.#.>.#..###+#+#####.#.#
#.#.#.#.......# #.#.##
.#.#.#...##.#######.#..#
..#.#.l@###.........##.#
.......s# ############..
......(.# ####### ##>
.......?# #...[.# ##
........# #.....#
##......# #.....# ####
####+######.....# #...
#.......# #... #.......#
#...


You could see a scorpion and an iguana.

Vanquished Creatures
  A phantom (D:4)
  3 adders
  An ufetubus (D:4)
  4 worms
  A dart slug (D:3)
  An orc (D:3)
  6 ball pythons
  9 endoplasms
  3 giant cockroaches
  3 goblins
  10 hobgoblins
  3 kobolds
  4 bats (D:1)
  4 frilled lizards
  8 rats
61 creatures vanquished.

Notes
Turn   | Place    | Note
-------+----------+-------------------------------------------
     0 | D:1      | Irreverend the Armataur Fighter began the quest for the
                  | Orb.
     0 | D:1      | Reached XP level 1. HP: 19/19 MP: 1/1
   233 | D:1      | Reached XP level 2. HP: 19/26 MP: 2/2
  1025 | D:2      | Reached XP level 3. HP: 19/32 MP: 3/3
  1652 | D:3      | Reached XP level 4. HP: 32/40 MP: 4/4
  1971 | D:3      | Found Ilapol's Assorted Antiques.
  2462 | D:4      | Identified the +0 ring mail "Vyru" {rF+ Int+3 SInv}
  2583 | D:4      | Noticed a phantom
  2595 | D:4      | Killed a phantom
  2596 | D:4      | Reached XP level 5. HP: 29/48 MP: 5/5
  2797 | D:4      | Found a staircase to the Ecumenical Temple.
  2812 | D:4      | Slain by an iguana

Illustrated notes

Levels and vault maps discovered:
D:1:      dpeg_arrival_round_a, layout_basic
D:2:      layout_rooms, nicolae_figureground_sparkle
D:3:      layout_basic, serial_shops, nicolae_shop_advertising_works
          [nicolae_subvault_shop_adworks], kennysheep_pointless_box
D:4:      layout_basic, minmay_temple_entry_grid

Skill      XL: |  1  2  3  4 |
---------------+-------------+-----
Axes           | 2 3 |  3.1
Armour         | 4 |  4.5
Fighting       | 3 |  3.4
Shields        | 4 |  4.2

Action                     |  1- 3 |  4- 6 || total
---------------------------+-------+-------++-------
  Melee: War axe           |    92 |    65 ||   157
         Tailslap          |     2 |    10 ||    12
    Use: Potion            |       |     2 ||     2
 Armour: Scale mail        |    55 |    12 ||    67
         Plate armour      |       |    40 ||    40
  Dodge: Dodged            |    20 |     8 ||    28
  Block: Buckler           |    24 |    17 ||    41
